Description

AdeptRush

VOD

https://www.youtube.com/watch?v=joMDyi9sNPw

Replay - Top 10 Protoss Cheeses PvZ 1 Base Adept+DT Game 4

Build Order

Get SALT Encoding   

  12  0:01  Probe  
  13  0:13  Probe  
  14  0:18  Pylon  
  14  0:25  Probe  
  15  0:35  Probe  
  15  0:39  Gateway  
  16  0:43  Probe  
  17  0:51  Probe, Assimilator  
  17  0:57  Assimilator  
  18  1:03  Probe  
  19  1:10  Gateway  
  19  1:15  Probe  
  20  1:26  Cybernetics Core  
  20  1:28  Probe  
  21  1:34  Pylon  
  21  1:41  Probe  
  22  1:52  Warp Gate  
  23  2:03  Adept x2  
  28  2:13  Twilight Council  
  28  2:22  Pylon  
  28  2:31  Resonating Glaives  
  28  2:35  Adept x2  
  28  2:36  Pylon  
  32  2:56  Gateway  
  32  3:06  Dark Shrine  
  32  3:11  Adept  
  34  3:21  Adept  
  36  3:35  Gateway x2  
  36  3:45  Pylon  
  36  4:08  Adept x3  
  40  4:32  Dark Templar x2  
  40  4:34  Adept  
Spawning Tool Build Advisor. Get it on Overwolf

Analysis

AdeptRush

Go to:

Details

  • Created by: Pose1don
  • Published on: Oct 14, 2019
  • Modified on: Oct 14, 2019
  • Patch: 4.7.1
Show
View Real Time Build Order
Export as new Build Order

Comments (0)

There are no comments. Be the first!

Create an account to comment!